 Dungeon Crawl Stone Soup version 0.25.0-1-g7eea58d (webtiles) character file.

Game seed: 14684679002112985944

1575 brinewave the Fighter (level 8, 0/78 (79) HPs)
             Began as a Minotaur Monk on June 17, 2020.
             Succumbed to a scorpion's poison
             ... on level 7 of the Dungeon.
             The game lasted 00:14:05 (3935 turns).

brinewave the Fighter (Minotaur Monk)               Turns: 3935, Time: 00:14:06

HP:   0/78 (79)     AC:  5    Str: 16    XL:     8   Next: 60%
MP:   7/7           EV: 13    Int:  7    God:
Gold: 232           SH:  0    Dex: 15    Spells: 7/7 levels left

rFire    + . .     SeeInvis .     - Unarmed
rCold    + . .     Gourm    .   (no shield)
rNeg     . . .     Faith    .   s - +0 leather armour
rPois    +         Spirit   .   (helmet restricted)
rElec    +         Reflect  .   (no cloak)
rCorr    +         Harm     .   (no gloves)
MR       .....                  g - +1 pair of boots
Stlth    ++........             (no amulet)
HPRegen  0.23/turn              (no ring)
MPRegen  0.10/turn              (no ring)

@: lethally poisoned (0 -> -2), resistant
A: retaliatory headbutt, horns 2
a: no special abilities


You were on level 7 of the Dungeon.
You were hungry.

You visited 1 branch of the dungeon, and saw 7 of its levels.

You collected 232 gold pieces.

Inventory:

Hand Weapons
 w - a +0 shortbow
 y - the +6 hunting sling of Beff {flame, +Blink rElec}
   (You found it on level 7 of the Dungeon)

   It causes projectiles fired from it to burn those they strike, causing extra
   injury to most foes and up to half again as much damage against particularly
   susceptible opponents.
   It insulates you from electricity.
   It lets you blink.
Missiles
 d - 35 poisoned darts (quivered)
 e - 85 arrows
 n - 48 bolts
Armour
 g - a +1 pair of boots (worn)
 k - a +0 leather armour
 l - a +0 leather armour
 s - a +0 leather armour (worn)
Wands
 a - a wand of digging (7)
 r - a wand of enslavement (4)
 v - a wand of flame (8)
Scrolls
 c - 2 scrolls of identify
 h - 5 scrolls of remove curse
 i - a scroll of blinking
 q - a scroll of enchant armour
 x - a scroll of teleportation {unknown}
Potions
 f - a potion of lignification
 j - a potion of haste
 m - 2 potions of degeneration
 p - a potion of magic
 t - a potion of stabbing
Comestibles
 b - 5 rations


   Skills:
 + Level 9.8 Fighting
 - Level 3.2 Dodging
 - Level 1.5 Stealth
 + Level 9.1 Unarmed Combat


You had 7 spell levels left.
You didn't know any spells.
Your spell library was empty.

Dungeon Overview and Level Annotations

Branches:
Dungeon (7/15)             Temple (0/1) D:5

Altars:
Cheibriados


Innate Abilities, Weirdness & Mutations

You reflexively headbutt those who attack you in melee.
You have a pair of horns on your head.


Message History

* * * LOW HITPOINT WARNING * * *
You feel sick.
* * * LOW HITPOINT WARNING * * *
You feel sick.
* * * LOW HITPOINT WARNING * * *
You feel sick.
* * * LOW HITPOINT WARNING * * *
You feel sick.
* * * LOW HITPOINT WARNING * * *
You feel sick.
* * * LOW HITPOINT WARNING * * *
You feel sick.
* * * LOW HITPOINT WARNING * * *
You feel sick.
There is a lethal amount of poison in your body!
* * * LOW HITPOINT WARNING * * *
You feel sick.
* * * LOW HITPOINT WARNING * * *
You feel sick.
You die...

#.##........####.# ..
#.##........####.##...
#.##.........÷........
#.##.........#.#.##..#
#.##........##.......#
#.##........#..#.###.#
#..#........####.# .#
##.#<.......# #.# #.
#..†@####### ##.##..
#..### #..÷#.# #..#
#...#.# #.S# #...#.#
#s.# ####<.# #..# #.##
#..# ..# #o.# #.##
#..# #>


There were no monsters in sight!

Vanquished Creatures
  A hippogriff (D:7)
  A phantom (D:4)
  A necrophage (D:7)
  A centaur (D:7)
  4 bullfrogs
  A scorpion (D:7)
  A water moccasin skeleton (D:5)
  4 killer bees (D:7)
  3 crimson imps
  2 hounds (D:6)
  4 orc wizards (D:5)
  An orc priest (D:7)
  A centaur skeleton (D:5)
  3 worker ants
  A hound zombie (D:5)
  A worker ant zombie (D:5)
  7 gnolls (D:3)
  3 adders
  An ooze (D:4)
  An adder skeleton (D:7)
  3 worms
  2 dart slugs (D:1)
  A leopard gecko (D:3)
  18 orcs
  2 bats
  3 giant cockroaches (D:2)
  2 goblins (D:1)
  6 hobgoblins
  5 jackals
  3 kobolds
  A quokka (D:5)
  A frilled lizard (D:1)
  A giant cockroach zombie (D:5)
  2 jackal zombies
  A leopard gecko skeleton (D:5)
  A quokka zombie (D:6)
  5 rats
99 creatures vanquished.

Vanquished Creatures (others)
  A hound skeleton (D:7)
  A jackal (D:1)
2 creatures vanquished.

Grand Total: 101 creatures vanquished

Notes
Turn   | Place    | Note
-------+----------+-------------------------------------------
     0 | D:1      | brinewave the Minotaur Monk began the quest for the Orb.
     0 | D:1      | Reached XP level 1. HP: 19/19 MP: 0/0
   446 | D:1      | Reached XP level 2. HP: 23/27 MP: 1/1
   907 | D:2      | Reached XP level 3. HP: 34/34 MP: 2/2
  1133 | D:3      | Reached XP level 4. HP: 30/41 MP: 3/3
  1235 | D:3      | Reached skill level 5 in Fighting
  1333 | D:4      | Noticed an ogre
  1836 | D:3      | Reached skill level 5 in Unarmed Combat
  1846 | D:3      | Reached XP level 5. HP: 39/48 MP: 4/4
  1984 | D:4      | Noticed a phantom
  2076 | D:4      | Killed a phantom
  2334 | D:5      | Entered Level 5 of the Dungeon
  2334 | D:5      | Found a snail-covered altar of Cheibriados.
  2362 | D:5      | Reached XP level 6. HP: 57/58 MP: 5/5
  2644 | D:5      | Found a staircase to the Ecumenical Temple.
  2790 | D:5      | Reached XP level 7. HP: 59/66 MP: 6/6
  3176 | D:7      | Noticed a hippogriff
  3187 | D:7      | Killed a hippogriff
  3187 | D:7      | Reached XP level 8. HP: 39/76 MP: 7/7
  3385 | D:7      | Got a dazzling hunting sling
  3400 | D:7      | Identified the +6 hunting sling of Beff {flame, +Blink
                  | rElec} (You found it on level 7 of the Dungeon)
  3912 | D:7      | HP: 3/78 [orc priest/+0 short sword (4)]
  3913 | D:7      | HP: 1/78 [poisoned by a scorpion]
  3928 | D:7      | HP: 3/78 [poisoned by a scorpion]
  3932 | D:7      | HP: 1/78 [poisoned by a scorpion]
  3935 | D:7      | Succumbed to a scorpion's poison

Illustrated notes

Levels and vault maps discovered:
D:1:      mrwooster_arrival_arrow, layout_basic
D:2:      layout_basic, first_ration, lightli_corner_chamber
D:3:      layout_basic
D:4:      layout_basic
D:5:      layout_cave_pools, nicolae_overflow_hidden_temple,
          kennysheep_little_box, kennysheep_mini_moat,
          minmay_temple_entry_slanted, minmay_fractal_squares_5
D:6:      layout_basic, roderic_lattice_a, serial_bayou_pond_a,
          minmay_statues_item
D:7:      layout_rooms, old_standard_altar, grunt_qazlal_clouds, uniq_duvessa,
          uniq_crazy_yiuf_cottage

Skill      XL: |  1  2  3  4  5  6  7  8 |
---------------+-------------------------+-----
Fighting       | 4 5 6 7 8 9 |  9.8
Unarmed Combat | 4 5 6 8 9 |  9.1
Dodging        | |  3.2
Stealth        | |  1.5

Action                   |  1- 3 |  4- 6 |  7- 9 || total
-------------------------+-------+-------+-------++-------
Melee: Unarmed           |    63 |   139 |   101 ||   303
       Headbutt          |    10 |    33 |    19 ||    62
       Punch             |     2 |     4 |     1 ||     7
  Use: Scroll            |     3 |     2 |     7 ||    12
       Potion            |       |       |     2 ||     2
 Stab: Sleeping          |     1 |     2 |     2 ||     5
  Eat: Chunk             |     1 |     5 |     3 ||     9
Armor: Robe              |     7 |    11 |       ||    18
       Leather armour    |       |     6 |    20 ||    26
Dodge: Dodged            |    43 |    57 |    56 ||   156
